 Dungeon Crawl Stone Soup version 0.22-a0-284-g99d1f74 (webtiles) character file.

8988 Azzok the Archer (level 11, -15/74 HPs)
             Began as a Gargoyle Berserker on Mar 20, 2018.
             Was a High Priest of Trog.
             Demolished by a tentacled starspawn (24 damage)
             ... on level 1 of the Abyss.
             The game lasted 00:22:27 (9698 turns).

Azzok the Archer (Gargoyle Berserker)               Turns: 9698, Time: 00:22:28

Health: -15/74     AC: 29    Str: 21    XL:     11   Next: 39%
Magic:  0/11       EV: 10    Int: 11    God:    Trog [*****.]
Gold:   495        SH:  0    Dex:  9    Spells: 10/10 levels left

rFire    . . .     SeeInvis .   E - +1 falchion (elec)
rCold    . . .     Gourm    .   (no shield)
rNeg     + . .     Faith    .   x - +2 scale mail of Wuesium {Stlth+}
rPois    ∞         Spirit   +   (no helmet)
rElec    +         Reflect  .   z - +1 cloak
rCorr    .         Harm     .   i - +2 pair of gloves
MR       .....                  (no boots)
Stlth    +.........             M - amulet of guardian spirit
HPRegen  0.22/turn              O - +5 ring of protection
MPRegen  0.12/turn              I - +3 ring of protection

@: no status effects
A: negative energy resistance 1, electricity resistance, unbreathing,
petrification resistance, rot immunity, AC +8
a: Berserk, Trog's Hand, Brothers in Arms, Renounce Religion


You were on level 1 of the Abyss.
You worshipped Trog.
Trog was extremely pleased with you.
You were hungry.

You visited 1 branch of the dungeon, and saw 11 of its levels.
You visited the Abyss 1 time.
You also visited: Sewer.

You collected 495 gold pieces.

Inventory:

Hand Weapons
 e - a +0 shortbow
 E - a +1 falchion of electrocution (weapon)
Missiles
 h - 208 arrows
Armour
 i - a +2 pair of gloves (worn)
 x - the +2 scale mail of Wuesium (worn) {Stlth+}
   (You found it on level 5 of the Dungeon)

   It makes you more stealthy.
 z - a +1 cloak (worn)
Jewellery
 y - a +2 amulet of reflection
 I - a +3 ring of protection (right hand)
 M - an amulet of guardian spirit (around neck)
 O - a +5 ring of protection (left hand)
Wands
 B - a wand of digging (18)
Scrolls
 d - 3 scrolls of amnesia {unknown}
 f - 2 scrolls of enchant weapon {unknown}
 g - 2 scrolls of blinking {unknown}
 j - 7 scrolls of remove curse {unknown}
 m - 3 scrolls of immolation {unknown}
 n - 5 scrolls of fear {unknown}
 o - 4 scrolls of magic mapping {unknown}
 p - 8 scrolls of identify
 t - 2 scrolls of fog {unknown}
 v - a scroll of brand weapon {unknown}
 w - a scroll of random uselessness {unknown}
 G - a scroll of acquirement {unknown}
 J - 2 scrolls of teleportation {unknown}
 N - a scroll of enchant armour {unknown}
Potions
 a - a potion of degeneration {unknown}
 b - a potion of mutation {unknown}
 k - a potion of flight {unknown}
 l - 4 potions of curing {unknown}
 q - 3 potions of heal wounds {unknown}
 r - 3 potions of magic {unknown}
 s - a potion of cancellation {unknown}
 u - 2 potions of might {unknown}
 A - 3 potions of brilliance {unknown}
 C - 2 potions of haste {unknown}
 D - a potion of invisibility {unknown}
 H - a potion of ambrosia {unknown}
 K - a potion of resistance
Miscellaneous
 L - a lightning rod (4/4)
Comestibles
 c - 15 rations


   Skills:
 - Level 11.2 Fighting
 - Level 2.6 Long Blades
 + Level 13.8 Bows
 - Level 2.1 Armour
 - Level 1.5 Dodging


You had 10 spell levels left.
You didn't know any spells.

Dungeon Overview and Level Annotations

Branches:
Dungeon (11/15)            Temple (0/1) D:6             Orc (0/2) D:11
   Lair: D:8-11

Altars:
Ashenzari
Elyvilon
Fedhas
Gozag
Hepliaklqana
Makhleb
Nemelex Xobeh
Ru
Trog
Yredelemnul
Zin

Shops:
D:6 }

Annotations:
D:5 1 runed door
D:9 2 transporters
D:10 Sonja


Innate Abilities, Weirdness & Mutations

You are resistant to torment.
Your stone body is resilient. (AC +8)
You are immune to poison.
You resist negative energy. (rN+)
You are resistant to electric shocks. (rElec)
You can survive without breathing.
You are immune to petrification.
You are immune to rotting.


Message History

The tentacled starspawn bites you but does no damage.
The tentacled starspawn engulfs you! The starspawn tentacle constricts you.
You hit the starspawn tentacle.
The starspawn tentacle is moderately damaged.
The tentacled starspawn bites you!
The tentacled starspawn barely misses you.
The starspawn tentacle constricts you.
You barely miss the starspawn tentacle.
The starspawn tentacle is moderately damaged.
The tentacled starspawn bites you!
* * * LOW HITPOINT WARNING * * *
The tentacled starspawn engulfs you!
* * * LOW MAGIC WARNING * * *;
* * * LOW HITPOINT WARNING * * *
The starspawn tentacle constricts you.
You hit the starspawn tentacle.
Lightning courses through the starspawn tentacle!
You destroy the starspawn tentacle!
The tentacled starspawn bites you!!
* * * LOW MAGIC WARNING * * *
You die...

·· · · ····· ···
······
·············· · ·
····▒▒· ··▒··
··▒··· ▒ · ▒·· ·▒▒
···▒▒ · ·▒▒ ▒··▒▒▒
▒▒·▒▒ ·▒
···▒·▒▒▒···▒▒▒ ··
·▒·▒···············
· ▒ ·▒▒·········· ·
▒··▒·@···········
▒·X─w···········
▒··▒········· ···
▒▒···▒▒······▒▒·
▒·····▒▒·▒··▒▒ ·▒
··▒·▒·▒ ·▒▒ ▒··
·▒▒▒····▒ ·▒···
▒····▒▒· ·▒ ···· ▒▒
▒▒ ·▒▒


You could see a tentacled starspawn and a starspawn tentacle.

Vanquished Creatures
  A centaur warrior (D:10)
  2 two-headed ogres
  Joseph (D:7)
  A gargoyle (D:10)
  The ghost of Azzok the Fighter, a novice GrBe of Trog (D:4)
  A troll (D:10)
  Grinder (D:5)
  A hippogriff (D:10)
  A vampire (D:10)
  A wyvern (D:10)
  Grum (D:8)
  A hungry ghost (D:10)
  A water moccasin (D:10)
  4 orc warriors
  Purgy (Sewer)
  5 sky beasts
  A necrophage (D:9)
  2 ice beasts (D:7)
  A phantom (D:8)
  3 centaurs
  2 ogres
  2 wolves (D:8)
  6 bullfrogs
  A gnoll sergeant (D:6)
  2 scorpions
  10 killer bees
  3 wights (D:11)
  2 howler monkeys
  4 crimson imps
  2 quasits
  3 centaur zombies
  A small abomination (Abyss:1)
  A hound (D:10)
  A human zombie (D:5)
  3 jellies
  9 orc priests
  Jessica (D:3)
  A bullfrog skeleton (D:8)
  3 worker ants
  2 iguanas
  15 orc wizards
  A killer bee zombie (D:6)
  A hound zombie (D:5)
  2 hound skeletons
  13 gnolls
  13 adders
  5 shadow imps
  2 oozes
  2 worms
  4 dart slugs
  9 leopard geckos
  51 orcs
  7 bats
  8 giant cockroaches
  6 goblins
  11 hobgoblins
  14 jackals
  5 quokkas
  3 ball pythons (D:1)
  A ball python skeleton (D:4)
  4 frilled lizards
  8 kobolds
  A leopard gecko zombie (D:6)
  3 rats
  A starspawn tentacle (Abyss:1)
280 creatures vanquished.

Vanquished Creatures (others)
  An orc wizard (D:6)
1 creature vanquished.

Grand Total: 281 creatures vanquished

Notes
Turn   | Place    | Note
-------+----------+-------------------------------------------
     0 | D:1      | Azzok the Gargoyle Berserker began the quest for the Orb.
     0 | D:1      | Reached XP level 1. HP: 14/14 MP: 1/1
    72 | D:1      | Reached XP level 2. HP: 20/20 MP: 2/2
   363 | D:1      | Reached XP level 3. HP: 24/24 MP: 3/3
   639 | D:1      | Reached ** piety under Trog
  1088 | D:2      | Reached skill level 5 in Fighting
  1097 | D:2      | Reached XP level 4. HP: 31/31 MP: 4/4
  1441 | D:2      | Reached XP level 5. HP: 36/36 MP: 5/5
  1506 | D:2      | Found a burning altar of Makhleb.
  1514 | D:2      | Found a white marble altar of Elyvilon.
  1518 | D:2      | Found a basalt altar of Yredelemnul.
  1518 | D:2      | Found a hazy altar of Hepliaklqana.
  1528 | D:2      | Found an opulent altar of Gozag.
  1979 | D:3      | Reached *** piety under Trog
  1981 | D:3      | Noticed Jessica
  1995 | D:3      | Killed Jessica
  2020 | D:3      | Reached XP level 6. HP: 32/44 MP: 6/6
  2686 | D:4      | Found a shattered altar of Ashenzari.
  2943 | D:4      | Noticed Azzok's ghost (novice GrBe)
  3082 | D:4      | Killed Azzok's ghost
  3082 | D:4      | Reached XP level 7. HP: 51/51 MP: 7/7
  3170 | D:4      | Found a blossoming altar of Fedhas.
  3306 | D:4      | Reached skill level 10 in Fighting
  4082 | D:5      | Entered Level 5 of the Dungeon
  4138 | D:4      | Reached XP level 8. HP: 57/57 MP: 8/8
  4335 | D:5      | Found a bloodstained altar of Trog.
  4379 | D:5      | Got a shimmering scale mail
  4380 | D:5      | Identified the +2 scale mail of Wuesium {Stlth+} (You found it on level 5 of the Dungeon)
  4414 | D:5      | Reached **** piety under Trog
  4441 | D:5      | Found a sacrificial altar of Ru.
  4495 | D:5      | Reached skill level 1 in Bows
  4694 | D:5      | Noticed Grinder
  4723 | D:5      | Killed Grinder
  4723 | D:5      | Reached skill level 2 in Bows
  4770 | D:5      | Found a runed door.
  4774 | D:5      | Found a basalt altar of Yredelemnul.
  4928 | D:6      | Reached skill level 3 in Bows
  5038 | D:6      | Reached skill level 4 in Bows
  5108 | D:6      | Reached XP level 9. HP: 47/64 MP: 9/9
  5212 | D:6      | Reached skill level 5 in Bows
  5335 | D:6      | Found a glowing drain.
  5347 | D:6      | Reached skill level 6 in Bows
  5375 | Sewer    | Entered a sewer
  5525 | Sewer    | Reached ***** piety under Trog
  5534 | Sewer    | Noticed Purgy
  5541 | Sewer    | Killed Purgy
  5587 | Sewer    | Received a gift from Trog
  5635 | D:6      | Found a glowing silver altar of Zin.
  5853 | D:6      | Found a staircase to the Ecumenical Temple.
  6016 | D:6      | Found Jutyrel's Gadget Boutique.
  6264 | D:7      | Reached skill level 7 in Bows
  6476 | D:7      | Noticed Joseph
  6500 | D:7      | Killed Joseph
  6500 | D:7      | Reached skill level 8 in Bows
  6718 | D:7      | Reached skill level 9 in Bows
  6919 | D:7      | Reached XP level 10. HP: 70/70 MP: 10/10
  7260 | D:8      | Reached skill level 10 in Bows
  7410 | D:8      | Noticed Grum
  7426 | D:8      | Killed Grum
  7469 | D:8      | Found a sparkling altar of Nemelex Xobeh.
  7791 | D:9      | Reached skill level 11 in Bows
  7956 | D:9      | Noticed a two-headed ogre
  7964 | D:9      | Killed a two-headed ogre
  8348 | D:9      | Found a transporter.
  8420 | D:9      | Found a transporter.
  8480 | D:9      | You fall through a shaft for 2 floors!
  8525 | D:11     | Found a staircase to the Orcish Mines.
  8570 | D:11     | Reached skill level 12 in Bows
  8708 | D:10     | Entered Level 10 of the Dungeon
  8708 | D:10     | Noticed a two-headed ogre
  8716 | D:10     | Killed a two-headed ogre
  8716 | D:10     | Reached XP level 11. HP: 49/74 MP: 6/11
  8893 | D:10     | Noticed a centaur warrior
  9080 | D:10     | Killed a centaur warrior
  9080 | D:10     | Reached skill level 13 in Bows
  9345 | D:10     | Received a gift from Trog
  9599 | D:10     | Noticed Sonja
  9643 | D:10     | Cast into level 1 of the Abyss (Sonja)
  9686 | Abyss:1  | Noticed a tentacled starspawn
  9698 | Abyss:1  | Demolished by a tentacled starspawn

Vault maps used:
D:1:      giann_forest_graveyard, minmay_split_cup_small
D:2:      minmay_overflow_temple_star_hex, first_ration
D:3:      uniq_jessica
D:4:      fedhas_altar_2, ashenzari_altar_1
D:5:      nicolae_ru_awakened_eye, basic_altar, dk_yredelemnul_ordeal,
          uniq_grinder
D:6:      zin_statuary, minmay_temple_entry_enclosed_plants,
          portal_sewer_entry_f, serial_shops, kennysheep_mini_moat
D:7:      uniq_joseph
D:8:      kennysheep_mini, uniq_grum
D:9:      gammafunk_cloud_chamber
D:10:     erik_lair_dragon, basic_altar, uniq_sonja
D:11:     orc_0_dummy, basic_altar, hangedman_fish_farm,
          hangedman_decor_peaks_small, lightli_airlock
Sewer:    kennysheep_door_sewer

Skill      XL: |  1  2  3  4  5  6  7  8  9 10 11 |
---------------+----------------------------------+-----
Fighting       | 4 5 6 7 9 10 11 | 11.2
Bows           | 4 9 12 13 | 13.8
Long Blades    | |  2.6
Armour         | |  2.1
Dodging        | |  1.5

Action                   |  1- 3 |  4- 6 |  7- 9 | 10-12 || total
-------------------------+-------+-------+-------+-------++-------
Melee: Falchion          |    91 |   254 |   131 |   400 ||   876
       Short sword       |       |       |   467 |       ||   467
Invok: Berserk           |     1 |     5 |     4 |     6 ||    16
       Trog's Hand       |       |       |       |     2 ||     2
  Use: Scroll            |       |       |     3 |     2 ||     5
  Eat: Chunk             |     2 |    10 |    19 |    14 ||    45
       Ration            |       |       |       |     1 ||     1
Armor: Animal skin       |    14 |       |       |       ||    14
       Chain mail        |    41 |   190 |   196 |       ||   427
       Scale mail        |       |       |   257 |   322 ||   579
Dodge: Dodged            |    66 |    91 |   313 |   216 ||   686
Block: Other             |       |       |    11 |     8 ||    19
       Rpst.: Falchion   |    14 |    25 |    19 |    69 ||   127

Table legend:
 A = Spawn XP
 B = Non-spawn XP
 C = Spawn XP percentage of total XP
 D = Spawn monster count
 E = Non-spawn monster count
 F = Spawn count percentage of total count
 G = Total turns spent on level
                    A         B        C        D         E        F      G
               +---------+---------+-------+---------+---------+-------+---------
         Total |      91 |   12749 |   0.7 |       2 |     278 |   0.7 |  9698
               +---------+---------+-------+---------+---------+-------+---------
           D:1 |       0 |      52 |   0.0 |       0 |      24 |   0.0 |  1011
           D:2 |       0 |     144 |   0.0 |       0 |      23 |   0.0 |   791
           D:3 |       0 |     163 |   0.0 |       0 |      27 |   0.0 |   675
           D:4 |       0 |     889 |   0.0 |       0 |      28 |   0.0 |  1705
           D:5 |       0 |     774 |   0.0 |       0 |      23 |   0.0 |   653
           D:6 |       0 |     999 |   0.0 |       0 |      42 |   0.0 |  1164
           D:7 |       0 |    1733 |   0.0 |       0 |      24 |   0.0 |   863
           D:8 |       0 |    1477 |   0.0 |       0 |      25 |   0.0 |   637
           D:9 |       0 |    1412 |   0.0 |       0 |      18 |   0.0 |  1029
          D:10 |       0 |    4226 |   0.0 |       0 |      21 |   0.0 |   645
          D:11 |       0 |     740 |   0.0 |       0 |      17 |   0.0 |   228
       Abyss:1 |      91 |       0 | 100.0 |       2 |       0 | 100.0 |    55
         Sewer |       0 |     140 |   0.0 |       0 |       6 |   0.0 |   242
               +---------+---------+-------+---------+---------+-------+---------
